 Dungeon Crawl Stone Soup version 0.19.5 (webtiles) character file.

120 QuCean the Covered (level 5, -1/38 HPs)
             Began as a Human Wanderer on May 10, 2017.
             Slain by a jackal (2 damage)
             ... on level 3 of the Dungeon.
             The game lasted 00:09:20 (2220 turns).

QuCean the Covered (Human Wanderer)                 Turns: 2220, Time: 00:09:21

Health: -1/38      AC:  7    Str: 12    XL:     5   Next: 25%
Magic:  5/5        EV:  8    Int: 14    God:
Gold:   84         SH:  6    Dex: 12    Spells: 0 memorised, 4 levels left

rFire  . . .     SeeInvis .     a - +2 dagger
rCold  . . .     Gourm    .     c - +0 ring mail
rNeg   . . .     Faith    .     o - +0 shield
rPois  .         Spirit   .     (no helmet)
rElec  .         Reflect  .     (no cloak)
rCorr  .         Harm     .     (no gloves)
MR     .....                    (no boots)
Stlth  +.........               (no amulet)
                                (no ring)
                                i - +2 ring of protection

@: no status effects
A: no striking features
a: no special abilities


You were on level 3 of the Dungeon.
You were not hungry.

You visited 1 branch of the dungeon, and saw 3 of its levels.

You collected 84 gold pieces.

Inventory:

Hand Weapons
 a - a +2 dagger (weapon)
Armour
 c - a +0 ring mail (worn)
 o - a +0 shield (worn)
Jewellery
 e - an uncursed amulet of faith
 i - a +2 ring of protection (left hand)
 m - a cursed amulet of inaccuracy
Scrolls
 j - a scroll of teleportation
 n - a scroll of amnesia
 p - a scroll of noise {unknown}
 q - a scroll of fear {unknown}
 s - a scroll of recharging {unknown}
Potions
 b - 2 potions of heal wounds
 d - a potion of lignification
 h - 2 potions of invisibility {unknown}
 l - 2 potions of cancellation
Comestibles
 f - 2 bread rations
 g - 4 meat rations
 k - 2 beef jerkies
 r - a slice of pizza
 t - a chunk of flesh


   Skills:
 + Level 1.7 Fighting
 + Level 1.8 Short Blades
   Level 2.0 Maces & Flails
 + Level 1.1 Throwing
 + Level 3.1 Armour
 + Level 2.2 Dodging
 + Level 2.4 Stealth
 + Level 0.2 Shields
 + Level 1.2 Unarmed Combat


You had 4 spell levels left.
You didn't know any spells.

Dungeon Overview and Level Annotations

Branches:
Dungeon (3/15)

Altars:


Message History

You miss the jackal. You block the jackal's attack.
The jackal bites you but does no damage.
The giant cockroach bites you but does no damage.
You hit the jackal.
The jackal is almost dead.
The jackal bites you.
* * * LOW HITPOINT WARNING * * *
You block the jackal's attack.
The giant cockroach bites you but does no damage.
The jackal bites you.
* * * LOW HITPOINT WARNING * * *
The jackal bites you.
* * * LOW HITPOINT WARNING * * *
You hit the jackal.
You kill the jackal!
The giant cockroach bites you but does no damage.
The jackal bites you.
* * * LOW HITPOINT WARNING * * *
The jackal closely misses you. The jackal bites you.
You die...

.......>...### #
..........##
....##...#######
..# ##........#
. #..##.##.#
###..##.##.#
#####..........#
#........#(.#h.#
#......#..#.s@.#
#..............#
#..##..#.##.####
#.. #.#..##.# ..
...h....#
##.#K..#$# #.
.... .. ##


You could see a jackal and a giant cockroach.

Vanquished Creatures
  Terence (D:2)
  2 adders (D:2)
  A worm (D:3)
  2 dart slugs
  2 leopard geckos
  2 ball pythons
  6 bats
  4 giant cockroaches
  8 hobgoblins
  7 jackals
  9 kobolds
  A quokka (D:3)
  2 frilled lizards (D:1)
  10 goblins
  6 rats
63 creatures vanquished.

Notes
Turn   | Place    | Note
-------+----------+-------------------------------------------
     0 | D:1      | QuCean the Human Wanderer began the quest for the Orb.
     0 | D:1      | QuCean set off with: a +2 dagger, a potion of heal wounds, a +0 ring mail, a potion of lignification, a bread ration
     0 | D:1      | Reached XP level 1. HP: 15/15 MP: 1/1
   163 | D:1      | Reached XP level 2. HP: 17/21 MP: 2/2
   575 | D:1      | Reached XP level 3. HP: 25/26 MP: 3/3
   975 | D:2      | Noticed Terence
  1015 | D:2      | Killed Terence
  1015 | D:2      | Reached skill level 1 in Short Blades
  1015 | D:2      | Reached skill level 3 in Armour
  1015 | D:2      | Reached XP level 4. HP: 13/32 MP: 4/4
  1561 | D:2      | Reached XP level 5. HP: 36/37 MP: 5/5
  2219 | D:3      | HP: 1/38 [jackal (3)]
  2220 | D:3      | Slain by a jackal

Skill      XL: |  1  2  3  4 |
---------------+-------------+-----
Short Blades   | 1 |  1.8
Armour         | 3 |  3.1
Dodging        | 2 |  2.2
Fighting       | |  1.7
Maces & Flails | |  2.0
Throwing       | |  1.1
Stealth        | |  2.4
Shields        | |  0.2
Unarmed Combat | |  1.2

Action                   |  1- 3 |  4- 6 || total
-------------------------+-------+-------++-------
Melee: Dagger            |   134 |   161 ||   295
       Punch             |     1 |     2 ||     3
  Use: Scroll            |     4 |     1 ||     5
  Eat: Chunk             |       |     3 ||     3
       Bread ration      |       |     1 ||     1
Armor: Ring mail         |    92 |   120 ||   212
Dodge: Dodged            |    90 |   139 ||   229
Block: Shield            |       |    67 ||    67
